 Dungeon Sprint DCSS version 0.30-a0-341-g682706514a (webtiles) character file.

Game seed: 5057487799483777444

1747 rocky1 the Unseen (level 9, 0/52 HPs)
             Began as a Kobold Enchanter on Nov 5, 2022.
             Was an Initiate of Gozag.
             Killed from afar by an orc wizard (10 damage)
             ... with a puff of flame
             ... in the Dungeon (Sprint VII: "The Pits").
             The game lasted 00:05:29 (1304 turns).

rocky1 the Unseen (Kobold Enchanter)                Turns: 1304, Time: 00:05:30

Health: 0/52       AC:  2    Str:  5    XL:     9   Next: 26%
Magic:  18/18      EV: 21    Int: 17    God:    Gozag
Gold:   935        SH:  0    Dex: 19    Spells: 9/20 levels left

rFire   . . .      SeeInvis .    n - +0 dagger (elec)
rCold   . . .      Faith    .    (no shield)
rNeg    . . .      Spirit   .    b - +0 robe
rPois   .          Reflect  .    (no helmet)
rElec   .          Harm     .    (no cloak)
rCorr   .          Rampage  .    (no gloves)
Will    .....      NoTele   +    (no boots)
Stlth   ++++++++..               (no amulet)
HPRegen 0.28/turn                (no ring)
MPRegen 0.16/turn                (no ring)

@: gold aura, on berserk cooldown, slowed, very slow
A: small, no large weapons, nightstalker 3
a: Renounce Religion, Potion Petition, Call Merchant, Bribe Branch


You were in the Dungeon.
You worshipped Gozag.
Gozag was pleased with you.
You visited 1 branch You collected 1773 gold pieces.
You spent 434 gold pieces at shops.
You paid 404 gold pieces to Gozag.

Inventory:

Hand Weapons
 a - a +2 long sword of flaming
 l - a +4 vampiric falchion
 m - a +2 falchion
 n - a +0 dagger of electrocution (weapon)
Armour
 b - a +0 robe (worn)
Scrolls
 i - a scroll of blinking
 j - 5 scrolls of amnesia
 k - a scroll of summoning
Potions
 c - 3 potions of invisibility
 d - 6 potions of curing
 e - 4 potions of heal wounds
 f - a potion of haste
 g - 4 potions of magic
 h - a potion of berserk rage


   Skills:
 + Level 4.3 Fighting
 + Level 9.3 Short Blades
 + Level 9.7 Dodging
 + Level 16.9 Stealth
 + Level 6.3 Spellcasting
 + Level 9.6 Hexes
 + Level 2.3 Ice Magic


You had 9 spell levels left.
You knew the following spells:

 Your Spells              Type           Power      Damage    Failure   Level
a - Ensorcelled Hibernat  Hex/Ice        50%        N/A       1%          2
b - Confusing Touch       Hex            38%        N/A       1%          3
c - Tukima's Dance        Hex            38%        N/A       1%          3
d - Dazzling Flash        Conj/Hex       42%        N/A       5%          3

Your spell library contained the following spells:

 Spells                   Type           Power      Damage    Failure   Level


Dungeon Overview and Level Annotations

Branches:
Dungeon (1/1)

Altars:
Cheibriados
Dithmenos
Elyvilon
Fedhas
Gozag
Hepliaklqana
Makhleb
Nemelex Xobeh
Okawaru
Qazlal
Ru
Sif Muna
Trog
Vehumet
Wu Jian
Xom
Yredelemnul
Zin
The Shining One
Jiyva
Lugonu

Shops:
D (


Innate Abilities, Weirdness & Mutations

You are small and have problems with some larger weapons.
You are completely attuned to the shadows.


Message History

You hit something. You hit something but do no damage.
Something completely misses you.
You closely miss something. Something barely misses you.
You closely miss something. Something hits you.
You barely miss something. You punch something.
Something hits you but does no damage.
You hit something but do no damage. Lightning courses through something!
Reactivating autopickup.
You feel a bit more experienced.
The orc priest hits you with a +0 hand axe.
You hear some strange, mumbled words.
Deactivating autopickup; reactivate with Ctrl-A.
You are confused.
The orc priest calls down the wrath of Beogh upon you.
Beogh smites you!
There is an open door here.
Items here: $ )) [[.
You hit the orc priest but do no damage.
Lightning courses through the orc priest!
The orc priest is almost dead.
The orc priest is distracted by your dazzling golden aura.
You bump into the metal wall.
You bump into the metal wall.
The orc priest is no longer distracted by gold.
The orc priest barely misses you.
The orc priest mumbles some strange prayers to Beogh against you.
Beogh smites you!
You bump into the metal wall.
Something hits you but does no damage. The orc priest misses you.
You bump into the metal wall.
You feel less confused. Something completely misses you.
The orc priest completely misses you.
The orc priest calls down the wrath of Beogh upon you.
Pain shoots through your body!
* * * LOW HITPOINT WARNING * * *
You hear some strange, mumbled words.
A puff of flame appears from out of thin air!
The puff of flame hits you!
You die...
Your body crumbles into a pile of gold.

#.#..'...'.##.......#
#.#..########...<...#
#.#..'.).)[##.......#
#.#.)#.)))[##.......#
#'###########.......#
#.......#..##########
#...#...#.#####
#.[.#...#)#..o.
#)##.##.#@#..o.
#)).#...#o{....
#...#.∩.#'#$...
#.......'.#....
###############


You could see an orc priest.

Vanquished Creatures
  An orange demon (D)
  A demonic crawler (D)
  A rime drake (D)
  2 flying skulls (D)
  A water moccasin (D)
  A floating eye (D)
  An ice beast (D)
  A centaur (D)
  A kobold brigand (D)
  A scorpion (D)
  A jelly (D)
  3 orc wizards (D)
  A river rat (D)
  4 orcs (D)
  A ball python (D)
  A bat zombie (D)
  3 quokkas (D)
  A ball python zombie (D)
  A kobold (D)
  A quokka zombie (D)
  A rat (D)
29 creatures vanquished.

Notes
Turn   | Place    | Note
-------+----------+-------------------------------------------
     0 | D        | rocky1 the Kobold Enchanter began the quest for the Orb.
     0 | D        | Reached XP level 1. HP: 10/10 MP: 3/3
    27 | D        | Found a bloodstained altar of Trog.
    27 | D        | Found a shimmering blue altar of Sif Muna.
    27 | D        | Found a viscous altar of Jiyva.
    27 | D        | Found a hazy altar of Hepliaklqana.
    27 | D        | Found an opulent altar of Gozag.
    28 | D        | Found a glowing golden altar of the Shining One.
    28 | D        | Found a glowing silver altar of Zin.
    28 | D        | Found a sacrificial altar of Ru.
    28 | D        | Found a stormy altar of Qazlal.
    28 | D        | Found a blossoming altar of Fedhas.
    31 | D        | Found an iron altar of Okawaru.
    31 | D        | Found a basalt altar of Yredelemnul.
    31 | D        | Found a white marble altar of Elyvilon.
    32 | D        | Found a sparkling altar of Nemelex Xobeh.
    32 | D        | Found a shimmering altar of Xom.
    32 | D        | Found a shadowy altar of Dithmenos.
    39 | D        | Found a burning altar of Makhleb.
    39 | D        | Found an ornate altar of the Wu Jian Council.
    39 | D        | Found a snail-covered altar of Cheibriados.
    40 | D        | Found a corrupted altar of Lugonu.
    40 | D        | Found a radiant altar of Vehumet.
    43 | D        | Became a worshipper of Gozag Ym Sagoz the Greedy
    80 | D        | Noticed a scorpion
    87 | D        | Killed a scorpion
    88 | D        | Reached skill level 7 in Stealth
    88 | D        | Reached skill level 5 in Hexes
    88 | D        | Reached XP level 2. HP: 16/16 MP: 4/6
    88 | D        | Reached XP level 3. HP: 20/20 MP: 4/7
    88 | D        | Reached XP level 4. HP: 24/24 MP: 5/9
   233 | D        | Learned a level 2 spell: Ensorcelled Hibernation
   237 | D        | Learned a level 3 spell: Confusing Touch
   241 | D        | Learned a level 3 spell: Tukima's Dance
   296 | D        | Noticed a floating eye
   296 | D        | Noticed a centaur
   300 | D        | Paralysed by a floating eye for 2 turns
   304 | D        | Killed a floating eye
   305 | D        | Reached skill level 1 in Fighting
   305 | D        | Reached skill level 5 in Dodging
   305 | D        | Reached skill level 9 in Stealth
   305 | D        | Reached XP level 5. HP: 20/29 MP: 9/11
   353 | D        | Killed a centaur
   354 | D        | Reached skill level 10 in Stealth
   354 | D        | Reached XP level 6. HP: 35/35 MP: 12/12
   530 | D        | Noticed an ice beast
   533 | D        | Killed an ice beast
   534 | D        | Reached skill level 5 in Short Blades
   534 | D        | Reached skill level 11 in Stealth
   539 | D        | Reached XP level 7. HP: 11/40 MP: 8/14
   761 | D        | Reached skill level 12 in Stealth
   761 | D        | Reached skill level 5 in Spellcasting
   774 | D        | Noticed a water moccasin
   798 | D        | Killed a water moccasin
   943 | D        | Bought a +4 vampiric falchion for 434 gold pieces
   949 | D        | Learned a level 3 spell: Dazzling Flash
   949 | D        | Noticed a flying skull
   951 | D        | Killed a flying skull
   952 | D        | Reached skill level 13 in Stealth
   952 | D        | Reached skill level 1 in Ice Magic
   956 | D        | Noticed a demonic crawler
   958 | D        | Killed a demonic crawler
   959 | D        | Reached skill level 14 in Stealth
   959 | D        | Reached XP level 8. HP: 46/46 MP: 16/16
  1063 | D        | Noticed a flying skull
  1069 | D        | Killed a flying skull
  1070 | D        | Reached skill level 15 in Stealth
  1182 | D        | Noticed a rime drake
  1183 | D        | Noticed an orange demon
  1198 | D        | Killed a rime drake
  1199 | D        | Reached skill level 16 in Stealth
  1199 | D        | Reached XP level 9. HP: 49/52 MP: 16/18
  1269 | D        | Killed an orange demon
  1304 | D        | Killed from afar by an orc wizard

Illustrated notes

Levels and vault maps discovered:
D:        pitsprint [storerooms_1, entrance_room_1, metal_vault_1, armoury_2,
          mini_pit_1, grid_room_1, main_hall_1, silver_pit, the_coven_3,
          the_vestibule_1, steel_vault_1, golden_pit, hallway_of_sentries,
          crystal_vault_1, iron_vault_1, final_vault]

Skill      XL: |  1  2  3  4  5  6  7  8  9 |
---------------+----------------------------+-----
Short Blades   | 2 4 5 7 8 9 |  9.3
Dodging        | 3 5 6 8 9 |  9.7
Stealth        | 7 9 10 11 14 16 | 16.9
Spellcasting   | 3 4 5 6 |  6.3
Hexes          | 5 7 8 9 |  9.6
Fighting       | 1 2 3 4 |  4.3
Ice Magic      | 1 2 |  2.3

Action                   |  1- 3 |  4- 6 |  7- 9 || total
-------------------------+-------+-------+-------++-------
Melee: Dagger            |    10 |    33 |    64 ||   107
       Punch             |       |     1 |     1 ||     2
 Cast: Ensorcelled Hiber |       |     3 |     3 ||     6
Invok: Call Merchant     |       |       |     1 ||     1
  Use: Potion            |     2 |     1 |     2 ||     5
 Stab: Sleeping          |     1 |     3 |     8 ||    12
       Invisible         |       |     1 |       ||     1
Armor: Robe              |     2 |     4 |     4 ||    10
Dodge: Dodged            |     7 |    19 |    36 ||    62

Table legend: (Time is in decaauts)
 A = Elapsed time spent in this place.
 B = Non-inter-level travel time spent in this place.
 C = Inter-level travel time spent in this place.
 D = Time resting spent in this place.
 E = Time spent auto-exploring this place.
 F = Levels seen in this place.
 G = Mean time per level.
                   A        B        C        D        E       F      G
               +--------+--------+--------+--------+--------+-----+--------+
         Total |   1284 |   1262 |     22 |    914 |      0 |   1 | 1284.0 |
       Dungeon |   1284 |   1262 |     22 |    914 |      0 |   1 | 1284.0 |
               +--------+--------+--------+--------+--------+-----+--------+

Top non-repeatable levels by time:
       D: 1284 daAuts
